 Dungeon Crawl Stone Soup version 0.22-a0-322-g60b3cfd (webtiles) character file.

15269 4thArraOfDagon the Severer (level 12, -15/100 HPs)
             Began as a Hill Orc Conjurer on Apr 4, 2018.
             Was the Champion of Kikubaaqudgha.
             Demolished by Agnes
             ... wielding a +2 lajatang of speed
              (18 damage)
             ... on level 14 of the Dungeon.
             The game lasted 00:33:04 (9157 turns).

4thArraOfDagon the Severer (Hill Orc Conjurer)      Turns: 9157, Time: 00:33:05

Health: -15/100    AC:  7    Str: 12    XL:     12   Next: 25%
Magic:  3/19       EV: 10    Int: 23    God:    Kikubaaqudgha [******]
Gold:   327        SH:  0    Dex: 11    Spells: 6/19 levels left

rFire    . . .     SeeInvis +   P - +0 war axe (freeze)
rCold    . . .     Gourm    .   (no shield)
rNeg     . . .     Faith    .   g - +0 ring mail
rPois    .         Spirit   .   D - +0 mask of the Dragon {MR+ Slay+3 SInv}
rElec    .         Reflect  .   (no cloak)
rCorr    .         Harm     .   j - +1 pair of gloves
MR       ++...                  (no boots)
Stlth    +.........             w - amulet of magic regeneration
HPRegen  0.26/turn              k - +2 ring of intelligence
MPRegen  0.41/turn              x - ring of protection from magic

@: hasted, drained, very quick
A: clever 1, high mp 1
a: Receive Corpses, Torment, Brand Weapon With Pain, Receive Necronomicon,
Renounce Religion


You were on level 14 of the Dungeon.
You worshipped Kikubaaqudgha.
Kikubaaqudgha was exalted by your worship.
You were hungry.

You visited 1 branch of the dungeon, and saw 14 of its levels.

You collected 761 gold pieces.
You spent 434 gold pieces at shops.

Inventory:

Hand Weapons
 b - a +0 spear
 h - a +2 whip of electrocution
 m - a +0 war axe
 L - a +0 battleaxe
 M - a +0 blowgun
 P - a +0 war axe of freezing (weapon)
Missiles
 N - 4 curare-tipped needles
Armour
 a - a +0 robe
 e - a +1 helmet
 g - a +0 ring mail (worn)
 j - a +1 pair of gloves (worn)
 D - the +0 mask of the Dragon (worn) {MR+ Slay+3 SInv}
   (You bought it in a shop on level 5 of the Dungeon)

   It affects your accuracy and damage with ranged weapons and melee attacks
   (+3).
   It affects your resistance to hostile enchantments.
   It lets you see invisible.
Magical Staves
 o - an uncursed staff of death
Jewellery
 k - a +2 ring of intelligence (left hand)
 w - an amulet of magic regeneration (around neck)
 x - a ring of protection from magic (right hand)
 C - an uncursed ring of fire
Wands
 q - a wand of random effects (25)
 t - a wand of disintegration (9)
 E - a wand of paralysis (6)
 H - a wand of scattershot (2)
 J - a wand of iceblast (16)
 S - a wand of acid (7)
Scrolls
 f - 3 scrolls of blinking {unknown}
 i - 11 scrolls of remove curse
 u - 4 scrolls of enchant armour
 v - 3 scrolls of amnesia
 y - 2 scrolls of teleportation {unknown}
 A - 3 scrolls of immolation {unknown}
 F - 2 scrolls of enchant weapon {unknown}
 I - 3 scrolls of magic mapping {unknown}
 O - a scroll of vulnerability {unknown}
 R - a scroll of acquirement {unknown}
Potions
 d - 3 potions of curing
 l - 3 potions of flight
 p - a potion of resistance {unknown}
 r - a potion of mutation
 s - a potion of berserk rage {unknown}
 z - 2 potions of heal wounds {unknown}
 G - a potion of cancellation {unknown}
 K - a potion of brilliance {unknown}
 Q - a potion of might {unknown}
Comestibles
 c - 21 rations
 n - 2 chunks of flesh


   Skills:
 - Level 7.0(6.5) Fighting
 * Level 15.3(14.7) Axes
 + Level 3.5(3.1) Armour
 - Level 1.5(1.1) Dodging
 - Level 1.5(1.1) Stealth
 - Level 4.0(3.5) Spellcasting
 - Level 4.0(3.5) Conjurations
 * Level 9.9(9.4) Necromancy
 * Level 9.2(8.7) Earth Magic


You had 6 spell levels left.
You knew the following spells:

 Your Spells              Type           Power        Failure   Level  Hunger
a - Magic Dart            Conj           ###.         5%          1    None
b - Vampiric Draining     Necr           #####.....   1%          3    ###....
c - Sublimation of Blood  Necr           #####.....   1%          2    #......
d - Borgnjor's Vile Clut  Necr/Erth      #####.....   16%         5    ######.
e - Apportation           Tloc           #.....       24%         1    None
f - Animate Skeleton      Necr           N/A          1%          1    None


Dungeon Overview and Level Annotations

Branches:
Dungeon (14/15)              Lair (0/6) D:8             Orc (0/2) D:12
 Temple: D:4-7       Vaults: D:13-14

Altars:
Cheibriados
Dithmenos
Kikubaaqudgha
Makhleb
Sif Muna
Wu Jian
Xom
Yredelemnul
Zin

Shops:
D:5 [   D:6 [   D:7 [

Annotations:
D:11 2 runed doors, exclusion: orange crystal statue
D:14 Agnes


Innate Abilities, Weirdness & Mutations

Your mind is acute. (Int +2)
You have an increased reservoir of magic. (+10% MP)


Message History

Unknown command.
Okay, then.
Press: ? - help, v - describe, . - travel
Here: Agnes, wielding a lajatang of speed and wearing a robe (moderately wounded)
The floor.
Unknown command.
The eye of draining gazes at you.
You feel your power leaking away.
Unknown command.
Unknown command.
Agnes hits you with a lajatang of speed!!
* * * LOW HITPOINT WARNING * * *
Unknown command.
Okay, then.
As you read the scroll labeled BEUQIRAIKI, it crumbles to dust.
It is a scroll of amnesia.
Okay, then.
Agnes hits you with a lajatang of speed!!
You die...
Kikubaaqudgha rasps: "You have failed me!
Welcome... death!"

......#
......#
......
#....
#...#
#...#
#...#
#@..####
#i.....#
#......#
#......#
#......#
#...<..#
#....###
#....#
#G...#


You could see Agnes.

Vanquished Creatures
  Snorg (D:10)
  Josephine (D:13)
  A hydra (D:13)
  2 two-headed ogres
  Sonja (D:10)
  3 unseen horrors
  2 cyclopes
  A gargoyle (D:11)
  A centaur skeleton (D:13)
  A hippogriff (D:10)
  A spriggan (D:9)
  A wyvern (D:7)
  4 wraiths (D:13)
  A shadow (D:11)
  10 yaks
  A hungry ghost (D:12)
  Menkaure (D:7)
  A soldier ant (D:10)
  A water moccasin (D:7)
  A hornet zombie (D:8)
  2 orc warriors
  2 ice beasts
  2 sky beasts
  3 ogres
  3 black bears
  7 phantoms
  The ghost of 4thArraOfDagon the Conjurer, an amateur HOCj of Beogh (D:4)
  The ghost of 4thArraOfDagon the Conjurer, an amateur HOCj (D:3)
  5 centaurs
  2 crocodiles
  3 big kobolds
  3 bullfrogs
  A gnoll sergeant (D:12)
  A water moccasin zombie (D:7)
  A scorpion (D:10)
  A wyvern skeleton (D:7)
  8 wights
  6 crimson imps
  A centaur zombie (D:10)
  6 orc priests
  3 hounds
  5 jellies
  2 bullfrog skeletons
  Terence (D:2)
  An iguana (D:9)
  9 orc wizards
  11 worker ants
  2 hound skeletons (D:7)
  A hound zombie (D:11)
  A worker ant zombie (D:9)
  Robin (D:2)
  A howler monkey zombie (D:6)
  A howler monkey skeleton (D:5)
  11 gnolls
  15 adders
  2 shadow imps
  An ooze (D:1)
  3 adder skeletons
  3 worms
  4 dart slugs
  3 leopard geckos
  34 orcs
  6 giant cockroaches
  12 hobgoblins
  8 jackals
  9 quokkas
  2 ball pythons
  4 bats
  9 frilled lizards
  10 goblins
  22 kobolds
  7 rats
  A spectral orc (D:6)
300 creatures vanquished.

Vanquished Creatures (collateral kills)
  A hungry ghost (D:11)
1 creature vanquished.

Grand Total: 301 creatures vanquished

Notes
Turn   | Place    | Note
-------+----------+-------------------------------------------
     0 | D:1      | 4thArraOfDagon the Hill Orc Conjurer began the quest for the Orb.
     0 | D:1      | Reached XP level 1. HP: 14/14 MP: 3/3
    25 | D:1      | EnegeticOcto: maybe I should stop watching you :)
    84 | D:1      | Reached skill level 1 in Fighting
   105 | D:1      | 4thArraOfDagon: did you bring xom wrath with you? ;)
   147 | D:1      | Reached XP level 2. HP: 20/24 MP: 0/4
   433 | D:2      | Reached XP level 3. HP: 30/31 MP: 0/5
   633 | D:3      | Reached skill level 1 in Axes
   659 | D:3      | Found a faded altar of an unknown god.
   706 | D:3      | Became a worshipper of Kikubaaqudgha
   706 | D:3      | Reached * piety under Kikubaaqudgha
   706 | D:3      | Identified Kikubaaqudgha's Almanac of Unholy Magic (Kikubaaqudgha gifted it to you on level 3 of the Dungeon)
   706 | D:3      | Received a gift from Kikubaaqudgha
   753 | D:3      | EnegeticOcto: maybe... although he only kills me in on 3rd rune, never sooner
   765 | D:3      | Reached XP level 4. HP: 30/40 MP: 2/6
   772 | D:3      | Noticed 4thArraOfDagon's ghost (amateur HOCj)
   864 | D:4      | Learned a level 3 spell: Vampiric Draining
   897 | D:3      | Reached skill level 2 in Axes
  1447 | D:2      | Reached skill level 8 in Axes
  1447 | D:2      | Reached XP level 5. HP: 51/51 MP: 6/10
  1455 | D:2      | Noticed Terence
  1476 | D:2      | Killed Terence
  1476 | D:2      | Reached skill level 9 in Axes
  1561 | D:2      | Noticed Robin
  1577 | D:2      | Killed Robin
  1617 | D:2      | Reached ** piety under Kikubaaqudgha
  1703 | D:2      | Learned a level 2 spell: Sublimation of Blood
  1866 | D:2      | Reached XP level 6. HP: 58/58 MP: 11/11
  2233 | D:3      | EnegeticOcto: nice
  2285 | D:3      | 4thArraOfDagon: this one looks solid
  2455 | D:3      | Killed 4thArraOfDagon's ghost
  2569 | D:4      | Noticed a phantom
  2580 | D:4      | Killed a phantom
  2580 | D:4      | Reached XP level 7. HP: 47/64 MP: 10/12
  2672 | D:4      | Noticed 4thArraOfDagon's ghost (amateur HOCj)
  2678 | D:4      | Killed 4thArraOfDagon's ghost
  2862 | D:4      | Reached *** piety under Kikubaaqudgha
  2862 | D:4      | Identified Kikubaaqudgha's Reference Book on Sinister Rituals (Kikubaaqudgha gifted it to you on level 4 of the Dungeon)
  2862 | D:4      | Received a gift from Kikubaaqudgha
  2870 | D:4      | Learned a level 5 spell: Borgnjor's Vile Clutch
  2945 | D:4      | Reached skill level 10 in Axes
  3126 | D:4      | Found an ornate altar of the Wu Jian Council.
  3228 | D:4      | Reached XP level 8. HP: 58/73 MP: 10/14
  3262 | D:5      | Entered Level 5 of the Dungeon
  3576 | D:5      | Learned a level 1 spell: Apportation
  3842 | D:5      | Found Kisyar's Armour Shop.
  3850 | D:5      | Gained mutation: You have an increased reservoir of magic. (+10% MP) [potion of mutation]
  3850 | D:5      | Gained mutation: Your mind is acute. (Int +2) [potion of mutation]
  3948 | D:6      | Reached skill level 11 in Axes
  4026 | D:6      | Found Nugy's Armour Emporium.
  4101 | D:6      | Found a shimmering altar of Xom.
  4128 | D:6      | Reached skill level 1 in Earth Magic
  4333 | D:6      | Found a basalt altar of Yredelemnul.
  4468 | D:7      | Found a glowing silver altar of Zin.
  4473 | D:7      | Noticed a wyvern
  4488 | D:7      | Killed a wyvern
  4499 | D:7      | Reached **** piety under Kikubaaqudgha
  4532 | D:7      | Reached XP level 9. HP: 50/79 MP: 16/16
  4665 | D:7      | Found a snail-covered altar of Cheibriados.
  4790 | D:7      | Found Feloesmi's Antique Armour Emporium.
  4924 | D:7      | Noticed Menkaure
  4930 | D:7      | Killed Menkaure
  4930 | D:7      | Reached skill level 12 in Axes
  5212 | D:8      | Found a staircase to the Lair.
  5639 | D:5      | Bought the +0 mask of the Dragon {MR+ Slay+3 SInv} for 434 gold pieces
  5639 | D:5      | Found the +0 mask of the Dragon {MR+ Slay+3 SInv}
  6062 | D:9      | Noticed a cyclops
  6086 | D:9      | Killed a cyclops
  6086 | D:9      | Reached skill level 5 in Earth Magic
  6086 | D:9      | Reached XP level 10. HP: 76/86 MP: 17/17
  6237 | D:9      | Reached skill level 13 in Axes
  6304 | D:9      | Found a deep blue altar of Sif Muna.
  6464 | D:9      | Reached ***** piety under Kikubaaqudgha
  6711 | D:9      | Found a faded altar of an unknown god.
  6711 | D:9      | Found a snail-covered altar of Cheibriados.
  6716 | D:9      | Found a burning altar of Makhleb.
  6718 | D:9      | Found a shadowy altar of Dithmenos.
  6719 | D:9      | Found a faded altar of an unknown god.
  6770 | D:10     | Entered Level 10 of the Dungeon
  6798 | D:10     | Noticed Sonja
  6823 | D:10     | Killed Sonja
  6912 | D:10     | Noticed an unseen horror
  6923 | D:10     | Killed an unseen horror
  6923 | D:10     | Reached XP level 11. HP: 74/92 MP: 14/18
  6953 | D:10     | Noticed Snorg
  6972 | D:10     | Killed Snorg
  6972 | D:10     | Reached skill level 14 in Axes
  7447 | D:11     | Found a runed door.
  7459 | D:11     | Noticed an unseen horror
  7477 | D:11     | Killed an unseen horror
  7500 | D:11     | Found the +10 large shield of Ignorance {rN+ Int-4}
  7504 | D:11     | Noticed a cyclops
  7522 | D:11     | Killed a cyclops
  7522 | D:11     | Reached skill level 1 in Armour
  7530 | D:11     | Found a runed door.
  7530 | D:11     | Noticed an orange crystal statue
  8041 | D:12     | Noticed a two-headed ogre
  8058 | D:12     | Killed a two-headed ogre
  8267 | D:12     | Noticed an unseen horror
  8276 | D:12     | Killed an unseen horror
  8341 | D:12     | Found a staircase to the Orcish Mines.
  8383 | D:13     | Noticed a two-headed ogre
  8394 | D:13     | Killed a two-headed ogre
  8451 | D:13     | Noticed a seven-headed hydra
  8468 | D:13     | Killed a seven-headed hydra
  8468 | D:13     | Reached skill level 15 in Axes
  8468 | D:13     | Reached XP level 12. HP: 100/100 MP: 15/19
  8471 | D:13     | Learned a level 1 spell: Animate Skeleton
  8872 | D:13     | Reached ****** piety under Kikubaaqudgha
  9053 | D:13     | Noticed Josephine
  9076 | D:13     | Killed Josephine
  9144 | D:14     | Noticed Agnes
  9156 | D:14     | HP: 3/100 [Agnes/lajatang of speed (26)]
  9157 | D:14     | 4thArraOfDagon: :)
  9157 | D:14     | Demolished by Agnes

Vault maps used:
D:1:      zelgadis_glass_arrival_small
D:2:      uniq_terence, uniq_robin
D:3:      kennysheep_big_flooded_room, chequers_ecumenical_altar_simple_redux
D:4:      lemuel_crystal_altar, first_ration
D:5:      temple_hall, serial_shops, kennysheep_little_box
D:6:      lemuel_round_altar, yredelemnul_forgotten_temple_becter, serial_shops,
          shop
D:7:      nicolae_overflow_crystal_walls, serial_shops, shop,
          cheibriados_altar_1, uniq_menkaure
D:8:      lair_entry_dummy
D:9:      kennysheep_orc_sif_temple, chequers_temple_overflow_minitemple,
          grunt_pizzeria, grunt_decor_resistance
D:10:     minmay_misc_feat_five, minmay_misc_feat_tiny, minmay_misc_feat_chi,
          uniq_sonja, uniq_snorg
D:11:     chequers_guarded_unrand_ignorance
D:12:     orc_0_dummy
D:13:     lightli_vaults_fourway_checkpoint, hangedman_incinerator,
          uniq_josephine
D:14:     fedhas_altar_4, minmay_misc_feat_room, uniq_agnes

Skill      XL: |  1  2  3  4  5  6  7  8  9 10 11 12 |
---------------+-------------------------------------+-----
Fighting       | 1 3 6 7 |  7.0
Axes           | 1 8 9 10 11 12 13 15 | 15.3
Spellcasting   | 3 4 |  4.0
Necromancy     | 6 7 8 9 |  9.9
Earth Magic    | 2 5 7 8 9 |  9.2
Armour         | 3 |  3.5
Dodging        | |  1.5
Stealth        | |  1.5
Conjurations   | |  4.0

Action                   |  1- 3 |  4- 6 |  7- 9 | 10-12 || total
-------------------------+-------+-------+-------+-------++-------
Melee: Spear             |    68 |    15 |       |       ||    83
       War axe           |       |   113 |    25 |   307 ||   445
       Whip              |       |    48 |   387 |    26 ||   461
 Cast: Magic Dart        |    47 |    12 |       |       ||    59
       Vampiric Draining |       |     7 |    16 |   112 ||   135
       Borgnjor's Vile C |       |       |       |     2 ||     2
       Animate Skeleton  |       |       |       |     1 ||     1
Evoke: Wand              |       |     1 |     6 |    19 ||    26
       Box of beasts     |       |       |       |     2 ||     2
  Use: Scroll            |       |     3 |     3 |     4 ||    10
       Potion            |       |     2 |     2 |     4 ||     8
 Stab: Invisible         |       |     2 |       |       ||     2
       Paralysed         |       |       |     4 |     7 ||    11
       Confused          |       |       |     1 |       ||     1
  Eat: Chunk             |     1 |     5 |    14 |    18 ||    38
       Ration            |       |       |       |     1 ||     1
Armor: Robe              |     5 |       |       |       ||     5
       Ring mail         |    24 |    65 |   126 |    84 ||   299
       Skin              |       |       |     1 |     9 ||    10
Dodge: Dodged            |    46 |    89 |   176 |   165 ||   476

Table legend:
 A = Spawn XP
 B = Non-spawn XP
 C = Spawn XP percentage of total XP
 D = Spawn monster count
 E = Non-spawn monster count
 F = Spawn count percentage of total count
 G = Total turns spent on level
                    A         B        C        D         E        F      G
               +---------+---------+-------+---------+---------+-------+---------
         Total |       0 |   21702 |   0.0 |       0 |     301 |   0.0 |  9157
               +---------+---------+-------+---------+---------+-------+---------
           D:1 |       0 |      31 |   0.0 |       0 |      18 |   0.0 |   706
           D:2 |       0 |     127 |   0.0 |       0 |      31 |   0.0 |   976
           D:3 |       0 |     272 |   0.0 |       0 |      35 |   0.0 |   757
           D:4 |       0 |     731 |   0.0 |       0 |      25 |   0.0 |   823
           D:5 |       0 |     326 |   0.0 |       0 |      21 |   0.0 |   705
           D:6 |       0 |     295 |   0.0 |       0 |       9 |   0.0 |   606
           D:7 |       0 |    1496 |   0.0 |       0 |      23 |   0.0 |   834
           D:8 |       0 |     697 |   0.0 |       0 |      13 |   0.0 |   601
           D:9 |       0 |    3235 |   0.0 |       0 |      39 |   0.0 |   762
          D:10 |       0 |    4141 |   0.0 |       0 |      33 |   0.0 |   584
          D:11 |       0 |    3133 |   0.0 |       0 |      27 |   0.0 |   672
          D:12 |       0 |    2952 |   0.0 |       0 |      16 |   0.0 |   429
          D:13 |       0 |    4266 |   0.0 |       0 |      11 |   0.0 |   691
               +---------+---------+-------+---------+---------+-------+---------
